 Dungeon Crawl Stone Soup version 0.22-a0-284-g99d1f74 (webtiles) character file.

403 4thArraOfDagon the Slasher (level 7, -3/52 HPs)
             Began as a Formicid Warper on Mar 21, 2018.
             Was a Believer of Cheibriados.
             Slain by an orc
             ... wielding a +0 hand axe
              (7 damage)
             ... on level 7 of the Dungeon.
             The game lasted 00:10:16 (2905 turns).

4thArraOfDagon the Slasher (Formicid Warper)        Turns: 2905, Time: 00:10:17

Health: -3/52      AC:  5    Str: 17 (20) XL:     7   Next: 11%
Magic:  10/10      EV: 18    Int: 20 (22) God:    Cheibriados [**....]
Gold:   120        SH:  0    Dex: 18 (20) Spells: 8/10 levels left

rFire    . . .     SeeInvis +   a - +1 falchion
rCold    . . .     Gourm    .   (no shield)
rNeg     . . .     Faith    .   s - +2 animal skin
rPois    .         Spirit   .   (helmet unavailable)
rElec    .         Reflect  .   j - +0 cloak
rCorr    .         Harm     .   (no gloves)
MR       .....                  (no boots)
Stlth    +++.......             (no amulet)
HPRegen  0.17/turn              g - ring of wizardry
MPRegen  0.12/turn              h - +2 ring of intelligence

@: agile, flying, very slow
A: permanent stasis, dig shafts and tunnels, four strong arms, antennae 3
a: Dig, Shaft Self, Bend Time, Renounce Religion


You were on level 7 of the Dungeon.
You worshipped Cheibriados.
Cheibriados was pleased with you.
You were hungry.

You visited 2 branches of the dungeon, and saw 8 of its levels.

You collected 120 gold pieces.

Inventory:

Hand Weapons
 a - a +1 falchion (weapon)
Missiles
 e - 3 tomahawks of dispersal (quivered)
Armour
 b - a +0 leather armour
 j - a +0 cloak (worn)
 m - a +0 ring mail
 s - a +2 animal skin (worn)
Jewellery
 g - a ring of wizardry (left hand)
 h - a +2 ring of intelligence (right hand)
Scrolls
 c - 2 scrolls of noise
 l - a scroll of identify
Potions
 i - 2 potions of brilliance
 n - a potion of haste
 r - a potion of flight
Comestibles
 f - 10 rations
 p - 3 chunks of flesh


   Skills:
 + Level 3.0 Fighting
 * Level 6.2 Long Blades
 - Level 1.0 Throwing
 - Level 1.1 Armour
 + Level 2.4 Dodging
 - Level 2.1 Spellcasting
 - Level 2.6 Translocations
 + Level 2.0 Invocations


You had 8 spell levels left.
You knew the following spells:

 Your Spells              Type           Power        Failure   Level  Hunger
a - Shroud of Golubria    Chrm/Tloc      #.........   6%          2    ##.....


Dungeon Overview and Level Annotations

Branches:
Dungeon (7/15)             Temple (1/1) D:6

Altars:
Ashenzari
Cheibriados
Elyvilon
Fedhas
Gozag
Hepliaklqana
Kikubaaqudgha
Nemelex Xobeh
Okawaru
Ru
Trog
Vehumet
Wu Jian
Xom
Zin
The Shining One

Annotations:
D:2 2 transporters
D:4 Menkaure
D:5 Eustachio


Innate Abilities, Weirdness & Mutations

You cannot be hasted, slowed, berserked, paralysed or teleported.
You can dig through walls and to a lower floor.
Your four strong arms can wield two-handed weapons with a shield.
You have a pair of large antennae on your head. (SInv)


Message History

Found a scroll of fog and a murky yellow potion.
Found a stone staircase leading up.
You see here 12 gold pieces.
Unknown command.
Throwing (i - inventory)
e - 5 tomahawks of dispersal (quivered)
Press: ? - help, Shift-Dir - straight line, f - bullfrog skeleton
Aim: a bullfrog skeleton You throw a tomahawk of dispersal.
The tomahawk of dispersal barely misses the bullfrog skeleton.
The bullfrog skeleton misses you. The orc hits you but does no damage.
Unknown command.
Throwing (i - inventory)
e - 4 tomahawks of dispersal (quivered)
Press: ? - help, Shift-Dir - straight line, f/p - bullfrog skeleton
Aim: a bullfrog skeleton You throw a tomahawk of dispersal.
The tomahawk of dispersal hits the bullfrog skeleton!
The bullfrog skeleton blinks!
The bullfrog skeleton is moderately damaged.
The orc hits you with a hand axe!
You die...

##########
........###
####..........
....?........
#####...ยง......
.......@Z......
..##..ro.......
...............
##.#!........<.
.......###+#+#+
.....## .....
..#..


You could see an orc, a quokka and a bullfrog skeleton.

Vanquished Creatures
  A centaur (D:5)
  A crimson imp (D:3)
  An orc priest (D:3)
  A hound (D:6)
  Robin (D:2)
  9 gnolls
  A howler monkey skeleton (D:6)
  2 adders (D:3)
  An ooze (D:1)
  3 dart slugs
  15 orcs
  2 ball pythons
  3 giant cockroaches
  14 goblins
  6 hobgoblins
  2 quokkas
  10 bats
  2 frilled lizards
  8 kobolds
  5 rats
88 creatures vanquished.

Notes
Turn   | Place    | Note
-------+----------+-------------------------------------------
     0 | D:1      | 4thArraOfDagon the Formicid Warper began the quest for the Orb.
     0 | D:1      | Reached XP level 1. HP: 16/16 MP: 3/3
   136 | D:2      | Reached XP level 2. HP: 22/22 MP: 5/5
   232 | D:2      | Found a transporter.
   233 | D:2      | Found a transporter.
   236 | D:2      | Found the +7 Spriggan's Knife {MR+ EV+4 Dex+4 Stlth+}
   236 | D:2      | Found a shimmering altar of Xom.
   250 | D:2      | You fall through a shaft for 2 floors!
   256 | D:4      | Noticed Menkaure
   260 | D:4      | You fall through a shaft for 3 floors!
   361 | D:5      | Entered Level 5 of the Dungeon
   383 | D:5      | Learned a level 2 spell: Shroud of Golubria
   385 | D:5      | Noticed a centaur
   398 | D:5      | Killed a centaur
   398 | D:5      | Reached skill level 4 in Long Blades
   398 | D:5      | Reached XP level 3. HP: 6/27 MP: 3/6
   398 | D:5      | Reached XP level 4. HP: 8/33 MP: 3/7
   427 | D:5      | Noticed Eustachio
   537 | D:4      | Reached XP level 5. HP: 21/38 MP: 5/8
   636 | D:6      | Reached skill level 5 in Long Blades
   717 | D:6      | Found a staircase to the Ecumenical Temple.
   723 | Temple   | Entered the Ecumenical Temple
   737 | Temple   | Became a worshipper of Cheibriados the Contemplative
   925 | D:2      | You fall through a shaft!
  1025 | D:3      | Reached XP level 6. HP: 37/46 MP: 9/9
  1210 | D:1      | Reached * piety under Cheibriados
  1287 | D:1      | Reached skill level 1 in Invocations
  1984 | D:2      | Reached ** piety under Cheibriados
  1996 | D:2      | Noticed Robin
  2006 | D:2      | Killed Robin
  2006 | D:2      | Reached skill level 6 in Long Blades
  2812 | D:4      | Reached XP level 7. HP: 45/51 MP: 7/10
  2903 | D:4      | You are sucked into a shaft for 3 floors!
  2905 | D:7      | Slain by an orc

Vault maps used:
D:1:      co_arrival_random_square_maze
D:2:      cheibrodos_pilgrimage, gammafunk_temple_overflow_arena, uniq_robin
D:4:      dancing_weapons_uskayaw, first_ration, uniq_menkaure, uniq_grinder
D:5:      makhleb_heckhound_becter, nicolae_overflow_hidden_temple,
          kennysheep_boxes, uniq_duvessa, uniq_eustachio, uniq_sigmund
D:6:      yredelemnul_forgotten_temple_becter, minmay_temple_entry_hall,
          serial_bayou_pond_e, fedhas_altar_2
Temple:   lightli_temple_of_artemis

Skill      XL: |  1  2  3  4  5  6  7 |
---------------+----------------------+-----
Long Blades    | 4 5 6 |  6.2
Dodging        | 2 |  2.4
Invocations    | 1 2 |  2.0
Fighting       | 3 |  3.0
Throwing       | |  1.0
Armour         | |  1.1
Spellcasting   | |  2.1
Translocations | |  2.6

Action                   |  1- 3 |  4- 6 |  7- 9 || total
-------------------------+-------+-------+-------++-------
Melee: Falchion          |    33 |   272 |    33 ||   338
Throw: Throwing net      |       |     2 |       ||     2
       Tomahawk          |       |       |     2 ||     2
 Cast: Shroud of Golubri |     1 |    15 |     3 ||    19
 Abil: Dig               |     3 |    13 |     1 ||    17
       Shaft Self        |     2 |     1 |     1 ||     4
  Use: Scroll            |     5 |     3 |       ||     8
       Potion            |     2 |     1 |     6 ||     9
 Stab: Invisible         |     3 |     1 |       ||     4
       Held in net/web   |       |     1 |       ||     1
  Eat: Chunk             |       |     8 |     1 ||     9
Armor: Leather armour    |    10 |    39 |       ||    49
       Animal skin       |       |    16 |     7 ||    23
       Ring mail         |       |     6 |       ||     6
Dodge: Dodged            |    25 |   167 |    16 ||   208
       Rpst.: Falchion   |     6 |    52 |     5 ||    63

Table legend:
 A = Spawn XP
 B = Non-spawn XP
 C = Spawn XP percentage of total XP
 D = Spawn monster count
 E = Non-spawn monster count
 F = Spawn count percentage of total count
 G = Total turns spent on level
                    A         B        C        D         E        F      G
               +---------+---------+-------+---------+---------+-------+---------
         Total |       0 |     576 |   0.0 |       0 |      88 |   0.0 |  2905
               +---------+---------+-------+---------+---------+-------+---------
           D:1 |       0 |      53 |   0.0 |       0 |      19 |   0.0 |   736
           D:2 |       0 |     114 |   0.0 |       0 |      28 |   0.0 |   763
           D:3 |       0 |     155 |   0.0 |       0 |      24 |   0.0 |   675
           D:4 |       0 |      80 |   0.0 |       0 |      12 |   0.0 |   349
           D:5 |       0 |     120 |   0.0 |       0 |       3 |   0.0 |   112
           D:6 |       0 |      54 |   0.0 |       0 |       2 |   0.0 |   197
               +---------+---------+-------+---------+---------+-------+---------
